 Dungeon Crawl Stone Soup version 0.30.0-10-gfe55d96785 (console) character file.

Game seed: 10208626701978233028

99186 jejorda2 the Phalangite (level 16, -3/184 (190) HPs)
             Began as a Merfolk Berserker on May 13, 2023.
             Was a High Priest of Trog.
             Slain by an orc knight
             ... wielding a +0 long sword
              (17 damage)
             ... on level 2 of the Orcish Mines.
             The game lasted 01:11:58 (26835 turns).

jejorda2 the Phalangite (Merfolk Berserker)        Turns: 26835, Time: 01:11:59

HP:   -3/184 (190)  AC: 26    Str: 24    XL:     16   Next: 24%
MP:   31/31         EV: 13    Int:  7    God:    Trog [*****.]
Gold: 3012          SH:  0    Dex: 14    Spells: 15/15 levels left

rFire   + . .        a - +9 glaive (heavy)
rCold   . . .        (shield currently unavailable)
rNeg    . . .        H - +2 plate armour {Will+}
rPois   +            I - +1 helmet {SInv}
rElec   .            T - +2 cloak {rF+}
rCorr   .            W - +1 pair of gloves {hurl}
SInv    +            k - +0 pair of boots
Will    ++++.        d
                       - Hermit's Pendant {Faith Invo=14 Evo=0 MP+5} Stlth
                     K - +5 ring of evasion
HPRegen 1.50/turn    z - ring of poison resistance
MPRegen 0.22/turn

%: faith
@: berserking (expiring), strong-willed, regenerating, lightly drained, very
quick
A: (nimble swimmer 2), mertail
a: Renounce Religion, Berserk, Trog's Hand, Brothers in Arms


You were on level 2 of the Orcish Mines.
You worshipped Trog.
Trog was extremely pleased with you.
You visited 3 branches of the dungeon, and saw 22 of its levels.
You also visited: Ossuary, Gauntlet, Ice Cave and Volcano.

You collected 3402 gold pieces.
You spent 390 gold pieces at shops.

Inventory:

Hand Weapons
 a - a +9 heavy glaive (weapon)
 b - a +2 bardiche of flaming
Missiles
 c - 116 stones
 l - 3 silver javelins
 o - 22 poisoned darts (quivered)
 r - 8 atropa-tipped darts
 O - 4 javelins
 P - 2 curare-tipped darts
 Q - 11 boomerangs
Armour
 k - a +0 pair of boots (worn)
 H - a +2 plate armour of willpower (worn)
 I - a +1 helmet of see invisible (worn)
 T - a +2 cloak of fire resistance (worn)
 W - a +1 pair of gloves of hurling (worn)
Jewellery
 d - the Hermit's Pendant (around neck) {Faith Invo=14 Evo=0 MP+5}
   (You found it on level 9 of the Dungeon)

   [amulet of faith]

   Invo=14: It sets your Invocations skill to 14.
   Evo=0: It sets your Evocations skill to 0.
   It allows you to gain divine favour quickly.
   MP:        It affects your magic capacity (+5).
 z - a ring of poison resistance (right hand)
 D - a ring of protection from cold
 K - a +5 ring of evasion (left hand)
 L - a ring of flight
Wands
 n - a wand of polymorph (17)
 t - a wand of iceblast (40)
 u - a wand of paralysis (16)
 w - a wand of digging (17)
 x - a wand of acid (10)
 B - a wand of flame (42)
 V - a wand of mindburst (6)
Scrolls
 e - 9 scrolls of teleportation
 i - 2 scrolls of immolation
 p - a scroll of fear
 v - 2 scrolls of silence
 y - 4 scrolls of summoning
 E - 4 scrolls of fog
 M - 2 scrolls of blinking
 N - 3 scrolls of poison
 Z - 2 scrolls of magic mapping
Potions
 f - 6 potions of heal wounds
 g - a potion of attraction
 h - 6 potions of might
 j - 5 potions of cancellation
 q - 6 potions of haste
 s - 14 potions of curing
 A - 7 potions of flight
 C - 7 potions of mutation
 G - 4 potions of resistance
 R - 2 potions of invisibility
Miscellaneous
 F - a tin of tremorstones (2/2)
 U - a phial of floods
 Y - a lightning rod (4/4)


   Skills:
 - Level 12.0 Fighting
 * Level 22.3 Polearms
 + Level 15.8 Throwing
 + Level 10.3 Armour
 - Level 3.0 Dodging


You had 15 spell levels left.
You didn't know any spells.
Your spell library was empty.

Dungeon Overview and Level Annotations

Branches:
Dungeon (15/15)            Temple (0/1) D:7            Lair (5/5) D:8
  Swamp (0/4) Lair:2       Spider (0/4) Lair:2        Slime (0/5) Lair:5
    Orc (2/2) D:11            Elf (0/3) Orc:2        Vaults (0/5) D:13
 Depths (0/4) D:15        Ossuary (visited)           IceCv (visited)
Volcano (visited)         Gauntlet (visited)

Altars:
Ashenzari
Cheibriados
Elyvilon
Fedhas
Gozag
Qazlal
Ru
Sif Muna
Xom
Yredelemnul
Zin
Jiyva

Shops:
D:10 (   D:13 [

Annotations:
D:11 2 transporters, dolemite99's ghost, journeyman DjEE


Innate Abilities, Weirdness & Mutations

((You are very nimble when in or above water. (Stealth+, EV+, Speed+++)))
Your lower body shifts to a powerful aquatic tail in water.


Message History

You kill the orc high priest!
Trog accepts your kill.
The sixfirhy disappears in a puff of smoke!
The orc warrior hits you from afar with a +0 glaive!
* * * LOW HITPOINT WARNING * * *
Reach: a) +9 glaive (heavy)
Press: ? - help, Dir - move target, f - orc sorcerer
Aim: an orc sorcerer, wielding a +0 dagger and wearing a +0 robe (purple smoke, about 28% to evade your +9 heavy glaive)
You reach to attack!
You completely miss the orc sorcerer.
The orc warrior throws a boomerang.
The boomerang barely misses you.
The orc sorcerer mumbles some strange words.
The orc sorcerer's hands start to glow.
An orc sorcerer comes into view. It is wielding a +0 dagger.
The orc knight misses you.
Unknown command.
Reach: a) +9 glaive (heavy)
Press: ? - help, Dir - move target, f/p - orc sorcerer
Aim: an orc sorcerer, wielding a +0 dagger and wearing a +0 robe (about 28% to evade your +9 heavy glaive)
You slice the orc sorcerer like a ripe choko!!!
You kill the orc sorcerer!
Trog accepts your kill.
Trog appreciates your killing of a magic user.
Unknown command.
Reach: a) +9 glaive (heavy)
Press: ? - help, Dir - move target, f - orc sorcerer
Aim: an orc sorcerer, wielding a +0 dagger and wearing a +0 robe (about 28% to evade your +9 heavy glaive)
You reach to attack!
You slice the orc sorcerer!!
The orc sorcerer is almost dead.
The orc warrior hits you from afar with a +0 glaive!
* * * LOW HITPOINT WARNING * * *
The orc sorcerer mumbles some strange words.
The orc knight roars a battlecry!
The orc sorcerer goes into a battle-frenzy!
Unknown command.
Unknown command.
You slash the orc knight!
The orc knight is lightly wounded.
The orc warrior barely misses you.
The orc knight hits you with a +0 long sword!
You die...

..............######.##
......#......##.##....#
...........##........##
...........#..........##
............#..##.#....#
...........#############
...........# ######
.......#...# ##.o).#
...........# ##o@##..oo.
...........# #))## ...
...........###o## #
..)........##.o#
.).........##(##
.....#.....##(#
....##.....##(#
...........##.#####..
.....................


You could see an orc knight, an orc sorcerer (strong) and 2 orc warriors.

Vanquished Creatures
  A tengu reaver (D:14)
  An orc warlord (Orc:2)
  A stone giant (D:15)
  A white draconian (IceCv)
  A minotaur (Gauntlet)
  A green death (Gauntlet)
  A fire dragon (D:14)
  7 centaur warriors
  A hell beast (Gauntlet)
  4 hydras
  2 rakshasas (D:15)
  An ogre mage (D:13)
  2 catoblepae
  6 two-headed ogres
  4 boulder beetles
  Urug (D:12)
  5 death yaks (Lair:5)
  A hell hog (Gauntlet)
  3 orc high priests (Orc:2)
  A fire crab (Volcano)
  A skeletal warrior (D:13)
  A deep elf archer (D:13)
  An obsidian statue (Volcano)
  2 lindwurms
  2 deep elf pyromancers (D:13)
  A necromancer (Lair:3)
  10 ugly things
  6 orc knights
  4 manticores
  3 orc sorcerers (Orc:2)
  11 cyclopes
  2 black mambas
  2 elephants (Lair:5)
  2 ice statues (IceCv)
  A torpor snail (Gauntlet)
  An orange demon (Gauntlet)
  2 gargoyles
  4 centaur skeletons (D:13)
  7 cane toads
  A tengu conjurer (D:15)
  3 komodo dragons
  10 rime drakes
  5 yaktaurs (D:13)
  4 trolls
  5 polar bears (Lair:5)
  A hornet (shapeshifter) (D:14)
  25 blink frogs
  4 hornets
  2 dream sheep (Lair:5)
  12 slime creatures (D:13)
  4 wyverns
  2 shadows
  5 centaur simulacra
  12 spriggans (Lair:5)
  6 basilisks
  8 fire bats
  36 yaks
  A wraith (D:14)
  A vampire (D:14)
  A hog (shapeshifter) (D:14)
  5 steam dragons
  18 vampire mosquitoes
  2 swamp worms (Lair:2)
  3 wargs
  5 acid dragons
  16 water moccasins
  5 hell hounds
  An ice beast (D:7)
  4 black bears
  27 orc warriors
  40 wolves
  4 boggarts (Lair:5)
  7 ogres
  15 centaurs
  A phantom (D:5)
  A kobold brigand (D:11)
  Blork the orc (D:4)
  6 bullfrogs
  A gnoll sergeant (D:12)
  A cane toad simulacrum (Gauntlet)
  5 scorpions
  8 wights
  21 killer bees
  8 howler monkeys
  5 lindwurm simulacra (IceCv)
  8 electric eels
  3 crimson imps (D:9)
  A centaur zombie (Ossuary)
  5 lava snakes (Volcano)
  5 komodo dragon simulacra (IceCv)
  14 orc priests
  4 hounds
  2 human zombies (Ossuary)
  3 jellies
  Ijyb (D:4)
  24 orc wizards
  5 iguanas
  2 sleepcaps
  5 yak simulacra (Lair:3)
  3 wolf simulacra (Lair:3)
  A boggart simulacrum (Gauntlet)
  6 mummies
  9 adders
  3 gnolls (D:12)
  6 acid dragon simulacra (IceCv)
  3 shadow imps
  7 white imps
  An ufetubus (D:5)
  5 steam dragon simulacra (IceCv)
  2 worms (D:2)
  5 dart slugs
  61 orcs
  A bat (D:1)
  11 endoplasms
  4 giant cockroaches
  4 goblins
  5 hobgoblins
  8 jackals
  15 kobolds
  2 quokkas
  9 ball pythons
  2 frilled lizards
  2 hobgoblin zombies (Ossuary)
  A kobold zombie (Ossuary)
  2 orc zombies (Ossuary)
  10 rats
  3 river rat simulacra (Lair:3)
739 creatures vanquished.

Vanquished Creatures (collateral kills)
  2 boulder beetles
  An elephant (Lair:5)
  A yak (Lair:5)
  2 fire bats (Gauntlet)
  A hell hound (Gauntlet)
  An ice beast (D:6)
  A wolf (Lair:5)
  A kobold brigand (D:11)
  6 kobolds (D:11)
16 creatures vanquished.

Vanquished Creatures (others)
  An ufetubus (D:6)
1 creature vanquished.

Grand Total: 756 creatures vanquished

Notes
Turn   | Place    | Note
-------+----------+-------------------------------------------
     0 | D:1      | jejorda2 the Merfolk Berserker began the quest for the Orb.
     0 | D:1      | Reached XP level 1. HP: 18/18 MP: 1/1
   161 | D:1      | Reached XP level 2. HP: 24/24 MP: 2/2
   813 | D:2      | Reached XP level 3. HP: 30/30 MP: 3/3
   965 | D:2      | Reached skill level 5 in Polearms
  1264 | D:2      | Reached ** piety under Trog
  1265 | D:2      | Reached XP level 4. HP: 34/37 MP: 4/4
  1966 | D:3      | Reached skill level 6 in Polearms
  2102 | D:3      | Reached XP level 5. HP: 35/43 MP: 5/5
  2202 | D:3      | Found a snail-covered altar of Cheibriados.
  2561 | D:3      | Identified the +4 dagger of Beogh's Anger {freeze, rElec
                  | rPois rC+}
  2737 | D:4      | Noticed a hornet
  2745 | D:4      | Killed a hornet
  2746 | D:4      | Reached skill level 5 in Fighting
  2746 | D:4      | Reached skill level 8 in Polearms
  2746 | D:4      | Reached XP level 6. HP: 40/51 MP: 6/6
  3063 | D:4      | Noticed Ijyb
  3095 | D:4      | Killed Ijyb
  3276 | D:4      | Noticed Blork the orc
  3283 | D:4      | Killed Blork the orc
  3284 | D:4      | Reached XP level 7. HP: 56/56 MP: 7/7
  3403 | D:4      | Noticed a steam dragon
  3423 | D:4      | Killed a steam dragon
  3424 | D:4      | Reached skill level 9 in Polearms
  3580 | D:4      | Found an opulent altar of Gozag.
  3925 | D:5      | Entered Level 5 of the Dungeon
  4269 | D:5      | Reached skill level 10 in Polearms
  4311 | D:5      | Reached XP level 8. HP: 57/64 MP: 8/8
  5176 | D:6      | Reached skill level 11 in Polearms
  5516 | D:6      | Found a shimmering blue altar of Sif Muna.
  5732 | D:6      | Found a stormy altar of Qazlal.
  5753 | D:6      | Reached *** piety under Trog
  5754 | D:6      | Reached skill level 12 in Polearms
  5977 | D:6      | Found a sacrificial altar of Ru.
  6582 | D:7      | Reached XP level 9. HP: 54/69 MP: 9/9
  6861 | D:7      | Reached skill level 13 in Polearms
  7092 | D:7      | Found a staircase to the Ecumenical Temple.
  7210 | D:8      | Found a staircase to the Lair.
  7285 | D:8      | Found a sand-covered staircase.
  7302 | Ossuary  | Entered an ossuary
  7617 | D:8      | Identified a scroll of acquirement
  7617 | D:8      | Acquired the +2 glaive of the Toadstool {protect, rCorr
                  | Str+4 Dex+3 Stlth-}
  7894 | D:8      | Identified the +3 long sword "Digecepp" {pain, rElec rF+
                  | Stlth+}
  7967 | D:8      | Found a glowing silver altar of Zin.
  7972 | D:8      | Found a white marble altar of Elyvilon.
  7988 | D:8      | Found a broken altar of Ashenzari.
  8119 | D:9      | Noticed a two-headed ogre
  8123 | D:9      | Reached skill level 14 in Polearms
  8127 | D:9      | Killed a two-headed ogre
  8128 | D:9      | Reached skill level 5 in Armour
  8128 | D:9      | Reached XP level 10. HP: 76/76 MP: 10/10
  8212 | D:9      | Reached skill level 15 in Polearms
  8544 | D:9      | Reached **** piety under Trog
  8654 | D:9      | Found a blossoming altar of Fedhas.
  8739 | D:9      | Found the Hermit's Pendant {Faith Invo=14 Evo=0 MP+5}
  9007 | D:9      | Found a basalt altar of Yredelemnul.
  9076 | D:9      | Reached skill level 16 in Polearms
  9214 | D:10     | Entered Level 10 of the Dungeon
  9214 | D:10     | Found Pot Keno's Antique Weapon Boutique.
  9253 | D:10     | Bought a slimy spear for 176 gold pieces
  9253 | D:10     | Identified the +8 spear "Kuosec" {vamp, Str+3 Dex+3} (You
                  | bought it in a shop on level 10 of the Dungeon)
  9287 | D:10     | Noticed a two-headed ogre
  9294 | D:10     | Killed a two-headed ogre
  9409 | D:10     | Noticed a manticore
  9421 | D:10     | Killed a manticore
  9422 | D:10     | Reached skill level 17 in Polearms
  9422 | D:10     | Reached skill level 1 in Throwing
  9895 | D:10     | Reached XP level 11. HP: 63/81 MP: 21/21
 10842 | D:11     | Noticed a centaur warrior
 10856 | D:11     | Killed a centaur warrior
 10857 | D:11     | Reached skill level 18 in Polearms
 10916 | D:11     | Noticed a boulder beetle
 10928 | D:11     | Killed a boulder beetle
 11078 | D:11     | Noticed a cyclops
 11085 | D:11     | Killed a cyclops
 11280 | D:11     | Noticed a boulder beetle
 11304 | D:11     | Killed a boulder beetle
 11689 | D:11     | Noticed a two-headed ogre
 11690 | D:11     | Noticed a boulder beetle
 11711 | D:11     | Reached skill level 19 in Polearms
 11733 | D:11     | Reached ***** piety under Trog
 11734 | D:11     | Reached skill level 5 in Throwing
 11886 | D:11     | Found a transporter.
 11887 | D:11     | Noticed dolemite99's ghost (journeyman DjEE)
 11889 | D:11     | Found a transporter.
 12103 | D:11     | Found a staircase to the Orcish Mines.
 12229 | Lair:1   | Entered Level 1 of the Lair of Beasts
 12374 | Lair:1   | Found a frozen archway.
 12396 | IceCv    | Entered an ice cave
 12579 | IceCv    | Reached XP level 12. HP: 86/88 MP: 22/22
 12902 | IceCv    | Reached skill level 20 in Polearms
 12955 | IceCv    | Received a gift from Trog
 13082 | IceCv    | Noticed a white draconian
 13197 | IceCv    | Killed a white draconian
 14301 | Lair:2   | Noticed a boulder beetle
 14314 | Lair:2   | Killed a boulder beetle
 14396 | Lair:2   | Noticed an eight-headed hydra
 14401 | Lair:2   | Killed a six-headed hydra
 14428 | Lair:2   | Found a gate leading to a gauntlet.
 14439 | Gauntlet | Entered a Gauntlet
 14439 | Gauntlet | Found a transporter.
 14447 | Gauntlet | Found a transporter.
 14451 | Gauntlet | Found a transporter.
 14459 | Gauntlet | Found a transporter.
 14463 | Gauntlet | Found a transporter.
 14468 | Gauntlet | Noticed a hell beast
 14471 | Gauntlet | Found a transporter.
 14475 | Gauntlet | Found a transporter.
 14481 | Gauntlet | Noticed a hell hog
 14483 | Gauntlet | Found a transporter.
 14487 | Gauntlet | Found a transporter.
 14491 | Gauntlet | Noticed a green death
 14495 | Gauntlet | Found a transporter.
 14526 | Gauntlet | Found a transporter.
 14538 | Gauntlet | Found a transporter.
 14551 | Gauntlet | Found a transporter.
 14564 | Gauntlet | Found a transporter.
 14766 | Gauntlet | Killed a hell beast
 14811 | Gauntlet | Killed a hell hog
 14870 | Gauntlet | Killed a green death
 14871 | Gauntlet | Reached XP level 13. HP: 73/103 MP: 23/23
 14990 | Gauntlet | Identified the +2 kite shield of the Villain {Will++ Int-2
                  | Dex+3}
 14990 | Gauntlet | Noticed a minotaur
 15008 | Gauntlet | Killed a minotaur
 15009 | Gauntlet | Reached skill level 10 in Fighting
 15026 | Gauntlet | Identified the +0 troll leather armour of Laghaebunyg
                  | {-Tele Regen+ rCorr Int+3}
 15026 | Gauntlet | Identified the +4 short sword of Pirext {drain, rElec Will-
                  | rCorr Dex+2}
 15198 | Lair:2   | Reached skill level 10 in Throwing
 15277 | Lair:2   | Found a hole to the Spider Nest.
 15499 | Lair:2   | Found a staircase to the Swamp.
 18672 | Lair:5   | Entered Level 5 of the Lair of Beasts
 18816 | Lair:5   | Received a gift from Trog
 18889 | Lair:5   | Reached XP level 14. HP: 73/115 MP: 24/24
 19296 | Lair:5   | Received a gift from Trog
 19398 | Lair:5   | Found a dark tunnel.
 19408 | Volcano  | Entered a volcano
 19493 | Volcano  | Found a burning altar of Makhleb.
 20003 | Lair:5   | Found a runed translucent door.
 20003 | Lair:5   | Found a viscous altar of Jiyva.
 20004 | Lair:5   | Found a staircase to the Slime Pits.
 20010 | Lair:5   | Received a gift from Trog
 20972 | D:12     | Noticed Urug
 20978 | D:12     | Killed Urug
 21118 | D:12     | Reached XP level 15. HP: 120/120 MP: 25/25
 21280 | D:12     | Received a gift from Trog
 21495 | D:12     | Identified the +1 broad axe of the Telling Scavenger
                  | {protect, rC+ Str+6}
 21651 | D:13     | Found Lafypt's Armour Shoppe.
 21709 | D:13     | Bought a +1 pair of gloves of hurling for 214 gold pieces
 22302 | D:13     | Reached skill level 15 in Throwing
 22767 | D:13     | Found a gate to the Vaults.
 23131 | D:14     | Identified the +9 flail of Rasum {heavy, rPois Int+3}
 23131 | D:14     | Noticed a tengu reaver
 23138 | D:14     | Killed a tengu reaver
 23138 | D:14     | Received a gift from Trog
 23382 | D:14     | Reached skill level 21 in Polearms
 24116 | D:15     | Entered Level 15 of the Dungeon
 24600 | D:15     | Reached skill level 10 in Armour
 24607 | D:15     | Found a shimmering altar of Xom.
 24607 | D:15     | Found a shimmering altar of Xom.
 24608 | D:15     | Found a shimmering altar of Xom.
 25050 | D:15     | Reached XP level 16. HP: 123/127 MP: 26/26
 25072 | D:15     | Found a staircase to the Depths.
 25666 | Orc:1    | Entered Level 1 of the Orcish Mines
 26111 | Orc:2    | Entered Level 2 of the Orcish Mines
 26377 | Orc:2    | Received a gift from Trog
 26388 | Orc:2    | Reached skill level 22 in Polearms
 26572 | Orc:2    | Found a staircase to the Elven Halls.
 26835 | Orc:2    | Slain by an orc knight

Illustrated notes

Levels and vault maps discovered:
D:1:      dpeg_arrival_orchard, layout_basic
D:2:      layout_basic
D:3:      layout_loops_ring, mainiacjoe_overflow_boulevard,
          minmay_goblin_kobold_house
D:4:      layout_loops_cross, nicolae_gozag_seed_capital, uniq_ijyb,
          uniq_blork_the_orc
D:5:      layout_basic
D:6:      layout_layer_cave, old_standard_altar, amcnicky_altar_gilded,
          mainiacjoe_overflow_chevrons, grunt_decor_cap
D:7:      layout_basic, minmay_temple_entry_hall, grunt_ministairs_7
D:8:      layout_basic, kennysheep_mini, amethyst_overflow_temple_binary,
          lair_entry_dummy, gup_ossuary_entry_pyramid
D:9:      layout_loops_ring, mainiacjoe_overflow_cross_hatched,
          yredelemnul_altar_generic, minmay_nine_imps
D:10:     layout_basic, serial_shops, nicolae_stop_n_shop_1, kennysheep_boxes
D:11:     layout_roguey, david_orc_4, gammafunk_ghost_arena
D:12:     minmay_stepped, layout_loops_ring, uniq_urug
D:13:     layout_loops_ring, hangedman_vaults_entry_quadrant_bands,
          serial_shops, nicolae_shop_window_shopping, ldierk_geyser
D:14:     layout_roguey, nicolae_elevator_lobby_asterisk, minmay_evil_grid
D:15:     grunt_enter_depths_giant_problem, layout_loops_corners,
          chequers_garden, xom_shifter_show
Lair:1:   layout_regular_city, portal_ice_cave_entry_pillars_2
Lair:2:   layout_loops_ring, nicolae_swamp_entry_splash_gauntlet,
          nicolae_spider_entry_non_spiders, gauntlet_entry_generic
Lair:3:   layout_cave_pods, eino_house_with_fridge
Lair:4:   layout_cave_pods
Lair:5:   minmay_lair_end_enchanted_forest, layout_hall_layers, slime_entry_2,
          enter_volcano_3, lemuel_fruit_fields, grunt_megastairs_1,
          infiniplex_staircase_pool_2
Orc:1:    layout_caves
Orc:2:    st_orc_elflike, layout_caves

Skill      XL: |  1  2  3  4  5  6  7  8  9 10 11 12 13 14 15 16 |
---------------+-------------------------------------------------+-----
Dodging        | 3 |  3.0
Polearms       | 5 6 8 10 12 14 17 19 20 21 22 | 22.3
Fighting       | 4 5 6 9 12 | 12.0
Armour         | 2 3 5 6 8 10 | 10.3
Throwing       | 2 6 9 12 14 15 | 15.8

Action                     |  1- 3 |  4- 6 |  7- 9 | 10-12 | 13-15 | 16-18 || total
---------------------------+-------+-------+-------+-------+-------+-------++-------
  Melee: Spear             |    88 |   222 |   450 |       |       |       ||   760
         Punch             |       |     1 |     7 |       |       |       ||     8
         Unarmed           |       |     2 |       |       |       |       ||     2
         Glaive            |       |       |    25 |   629 |   900 |   152 ||  1706
  Throw: Stone             |     2 |     5 |    28 |     2 |    22 |       ||    59
         Dart              |       |       |       |     7 |    13 |    34 ||    54
         Boomerang         |       |       |       |     8 |       |       ||     8
         Javelin           |       |       |       |       |    10 |       ||    10
 Invoke: Berserk           |     1 |     4 |     6 |    14 |     9 |     1 ||    35
         Trog's Hand       |       |     2 |     3 |     6 |     8 |     1 ||    20
         Brothers in Arms  |       |       |       |     3 |     2 |       ||     5
  Evoke: Wand              |       |     1 |       |     1 |       |       ||     2
    Use: Scroll            |       |       |    23 |     6 |     3 |       ||    32
         Potion            |       |       |       |     1 |     2 |       ||     3
   Stab: Sleeping          |     2 |       |       |       |       |       ||     2
         Distracted        |     1 |       |       |       |     2 |       ||     3
         Petrifying        |       |       |       |       |     1 |       ||     1
         Petrified         |       |       |       |       |     1 |       ||     1
 Armour: Leather armour    |     8 |       |     3 |       |       |       ||    11
         Ring mail         |     1 |    46 |       |       |       |       ||    47
         Chain mail        |       |       |    60 |       |       |       ||    60
         Plate armour      |       |       |    48 |   321 |   376 |    45 ||   790
  Dodge: Dodged            |    29 |    70 |    81 |   380 |   440 |    65 ||  1065
